 Dungeon Crawl Stone Soup version 0.28.0-53-g5a82cb258f (webtiles) character file.

Game seed: 9936664129912035703

110 Godmorgon the Skirmisher (level 4, -2/41 HPs)
             Began as a Minotaur Fighter on Aug 20, 2022.
             Succumbed to an orc wizard's poison
             ... on level 3 of the Dungeon.
             The game lasted 00:04:07 (1988 turns).

Godmorgon the Skirmisher (Minotaur Fighter)         Turns: 1988, Time: 00:04:08

Health: -2/41      AC:  6    Str: 23    XL:     4   Next: 61%
Magic:  3/3        EV:  9    Int:  5    God:
Gold:   104        SH:  4    Dex:  9    Spells: 3/3 levels left

rFire   + . .      SeeInvis .   a - +0 flail
rCold   + . .      Faith    .   c - +0 buckler
rNeg    . . .      Spirit   .   b - +0 scale mail
rPois   +          Reflect  .   (helmet restricted)
rElec   +          Harm     .   (no cloak)
rCorr   +          Rampage  .   (no gloves)
Will    .....                   (no boots)
Stlth   ..........              (no amulet)
HPRegen 0.13/turn               (no ring)
MPRegen 0.08/turn               (no ring)

@: lethally poisoned (-2 -> -19), resistant
A: horns 2, retaliatory headbutt
a: no special abilities


You were on level 3 of the Dungeon.
You visited 1 branch of the dungeon, and saw 3 of its levels.

You collected 104 gold pieces.

Inventory:

Hand Weapons
 a - a +0 flail (weapon)
Missiles
 e - 17 stones
 j - 5 poisoned darts (quivered)
Armour
 b - a +0 scale mail (worn)
 c - a +0 buckler (worn)
Scrolls
 f - a scroll of teleportation {unknown}
 g - 2 scrolls of fog
 h - 2 scrolls of identify {unknown}
Potions
 d - a potion of might


   Skills:
 + Level 4.4 Fighting
 * Level 4.4 Maces & Flails
 * Level 2.1 Throwing
 - Level 3.6 Armour
 - Level 3.6 Shields


You had 3 spell levels left.
You didn't know any spells.
Your spell library was empty.

Dungeon Overview and Level Annotations

Branches:
Dungeon (3/15)

Altars:


Innate Abilities, Weirdness & Mutations

You have a pair of horns on your head.
You reflexively headbutt those who attack you in melee.


Message History

The orc is lightly wounded.
The orc closely misses you. Something hits you.
You are poisoned.
You hit the orc.
You kill the orc!
You feel very sick. Something completely misses you.
You feel sick. Something hits you but does no damage.
You are more poisoned.
Things that are here:
a +0 whip; a +0 falchion; an orc corpse You hit something but do no damage.
Your headbutt misses something.
You feel very sick. Something hits you.
You miss something.
You feel very sick. You block something's attack.
You barely miss something.
You feel sick. Something hits you.
You are lethally poisoned!
You closely miss something. Your headbutt misses something.
* * * LOW HITPOINT WARNING * * *
You feel very sick. Something hits you but does no damage.
You are more poisoned.
Something hits you but does no damage.
You are more poisoned.
You closely miss something.
* * * LOW HITPOINT WARNING * * *
You feel extremely sick. You block something's attack.
Okay, then.
As you read the scroll labelled ESOGIQ XAUN, it crumbles to dust.
The scroll dissolves into smoke.
It was a scroll of fog.
* * * LOW HITPOINT WARNING * * *
You feel very sick.
You hear some strange, mumbled words.
Something tries to affect you, but you resist.
It was a potion of resistance.
You feel protected.
You die...

#..# ## ######..# .)..
......... ....##
........# ...# ........#
#..### ........# #.....
.?...§§§# ##.###
....§§§§# #####.###
#..{@# #........ ##§§§##
#........
####§§§§#######........
#.......................
..####.#.###............
#.#.###.###>.......
###.#.##..# #........
#........## #........
#.#.#...## #........


There were no monsters in sight!

Vanquished Creatures
  A hound zombie (D:3)
  5 adders
  A gnoll (D:1)
  2 orcs (D:3)
  3 endoplasms
  A giant cockroach (D:1)
  4 goblins
  5 hobgoblins
  3 quokkas
  4 ball pythons
  A bat (D:1)
  4 frilled lizards
  4 kobolds
  5 rats
43 creatures vanquished.

Notes
Turn   | Place    | Note
-------+----------+-------------------------------------------
     0 | D:1      | Godmorgon the Minotaur Fighter began the quest for the Orb.
     0 | D:1      | Reached XP level 1. HP: 19/19 MP: 0/0
   140 | D:1      | Reached XP level 2. HP: 21/27 MP: 1/1
   867 | D:1      | Reached XP level 3. HP: 19/33 MP: 2/2
  1020 | D:1      | Reached skill level 1 in Throwing
  1597 | D:2      | Found a faded altar of an unknown god.
  1709 | D:3      | Reached XP level 4. HP: 35/41 MP: 3/3
  1987 | D:3      | HP: 1/41 [poisoned by an orc wizard]
  1988 | D:3      | Succumbed to an orc wizard's poison

Illustrated notes

Levels and vault maps discovered:
D:1:      dpeg_arrival_rhombi, layout_basic, nrook_mini_backslash, st_stairs_1
D:2:      layout_rooms, chequers_ecumenical_altar_island
D:3:      layout_rooms

Skill      XL: |  1  2  3  4 |
---------------+-------------+-----
Maces & Flails | 3 4 |  4.4
Fighting       | 4 |  4.4
Throwing       | 1 2 |  2.1
Armour         | |  3.6
Shields        | |  3.6

Action                   |  1- 3 |  4- 6 || total
-------------------------+-------+-------++-------
Melee: Flail             |    65 |    33 ||    98
       Headbutt          |     6 |     4 ||    10
  Use: Scroll            |       |     1 ||     1
       Potion            |       |     1 ||     1
Armor: Scale mail        |    33 |    19 ||    52
Dodge: Dodged            |    30 |    13 ||    43
Block: Buckler           |    18 |     4 ||    22
